 Dungeon Crawl Stone Soup version 0.28-a0-2-g643f2454ad (webtiles) character file.

Game seed: 10186233389291752838

426 Sin92 the Skirmisher (level 6, -3/48 HPs)
             Began as a Demonspawn Fighter on July 22, 2021.
             Slain by Duvessa (7 damage)
             ... on level 5 of the Dungeon.
             The game lasted 00:03:45 (4938 turns).

Sin92 the Skirmisher (Demonspawn Fighter)           Turns: 4938, Time: 00:03:45

Health: -3/48      AC: 10    Str: 17    XL:     6   Next: 64%
Magic:  6/6        EV:  5    Int: 10    God:
Gold:   215        SH: 10    Dex: 19    Spells: 5/5 levels left

rFire   + . .      SeeInvis .   e - +3 mace
rCold   . . .      Faith    .   c - +0 kite shield
rNeg    . . .      Spirit   .   p - +0 chain mail
rPois   .          Reflect  .   s - +0 helmet
rElec   .          Harm     .   (no cloak)
rCorr   .          Rampage  .   (no gloves)
Will    .....                   (no boots)
Stlth   ..........              (no amulet)
HPRegen 0.16/turn               i - ring of protection from fire
MPRegen 0.10/turn               n - +6 ring of dexterity

@: flying
A: hooves 1, demonic magic 1
a: no special abilities


You were on level 5 of the Dungeon.
You visited 1 branch of the dungeon, and saw 5 of its levels.

You collected 215 gold pieces.

Inventory:

Hand Weapons
 a - a +0 war axe
 e - a +3 mace (weapon)
 o - a +2 hand axe of freezing
Armour
 b - a +0 scale mail
 c - a +0 kite shield (worn)
 p - a +0 chain mail (worn)
 s - a +0 helmet (worn)
Jewellery
 h - a ring of willpower
 i - a ring of protection from fire (left hand)
 n - a +6 ring of dexterity (right hand)
Wands
 g - a wand of flame (42)
 r - a wand of charming (7)
Scrolls
 f - 2 scrolls of identify
 j - 4 scrolls of noise
 k - a scroll of vulnerability {unknown}
 q - a scroll of magic mapping {unknown}
Potions
 d - a potion of might
 l - a potion of berserk rage
 t - a potion of curing {unknown}


   Skills:
 + Level 4.0 Fighting
 - Level 2.1(3.0) Axes
 * Level 3.1(3.4) Maces & Flails
 + Level 3.7 Armour
 + Level 2.2 Dodging
 + Level 3.7 Shields


You had 5 spell levels left.
You didn't know any spells.
Your spell library contained the following spells:

 Spells                   Type           Power      Damage    Failure   Level
 Beastly Appendage        Tmut           0%         N/A       100%        1
 Freeze                   Ice            0%         1d3       100%        1
 Passwall                 Tmut/Erth      0%         N/A       100%        2
 Wereblood                Tmut           0%         N/A       100%        2
 Frozen Ramparts          Ice            0%         1d2       100%        3
 Spider Form              Tmut/Pois      0%         N/A       100%        3
 Swiftness                Air            0%         N/A       100%        3
 Hailstorm                Conj/Ice       0%         3d3       100%        4
 Invisibility             Hex            0%         N/A       100%        6


Dungeon Overview and Level Annotations

Branches:
Dungeon (5/15)
 Temple: D:4-7

Altars:
Wu Jian

Shops:
D:1 =   D:2 ?   D:4 ?

Annotations:
D:5 Dowan, Duvessa


Innate Abilities, Weirdness & Mutations

You have large cloven feet.
Spells you cast may paralyse adjacent enemies.


Message History

Unknown command.
There are monsters nearby!
You are too injured to fight recklessly!
Duvessa barely misses you.
The water moccasin skeleton completely misses you.
Duvessa says, "Did you see that move?
Perfect!"
Duvessa hits you with a +0 short sword.
You sock Duvessa! You kick Duvessa, but do no damage.
Duvessa is heavily wounded.
You block Duvessa's attack. Duvessa hits you but does no damage.
You closely miss Dowan. Your kick misses Dowan. You block Duvessa's attack.
Dowan casts a spell at you. The puff of flame hits you. You resist.
Duvessa hits you with a +0 short sword.
* * * LOW HITPOINT WARNING * * *
Dowan hits you with a +2 dagger of flaming.
* * * LOW HITPOINT WARNING * * *
You block Duvessa's attack. Duvessa hits you with a +0 short sword.
* * * LOW HITPOINT WARNING * * *
You block Duvessa's attack.
Dowan points at you and mumbles some strange words.
The puff of frost hits you.
* * * LOW HITPOINT WARNING * * *
Duvessa hits you but does no damage.
You see here a +0 ring mail.
You hit Duvessa. You kick Duvessa, but do no damage.
Duvessa is severely wounded.
Duvessa hits you but does no damage. Duvessa barely misses you.
Dowan mumbles some strange words.
Dowan blinks!
Your chain mail prevents you from hitting Duvessa.
Duvessa is severely wounded.
Duvessa completely misses you. Duvessa hits you but does no damage.
Duvessa barely misses you.
Dowan zaps a wand.
The puff of flame hits you. You resist.
* * * LOW HITPOINT WARNING * * *
It was a potion of flight.
You feel very buoyant.
You fly up into the air.
Duvessa hits you with a +0 short sword!
You die...

#.....###
###........$
#.........#.
#.#....##... ..
#.###..# #. ..
#...#### .
#Z##..###
#e####..##########
#@# ###..#....)..
#.# ##.'..≈≈≈..
#e# ###..#.......
#.####..##########
#.##..### #...###
#####


You could see Duvessa (fast), Dowan and a water moccasin skeleton.

Vanquished Creatures
  A scorpion (D:5)
  A bullfrog zombie (D:5)
  A hound (D:4)
  2 jellies
  Ijyb (D:5)
  3 iguanas (D:5)
  Robin (D:2)
  4 adders
  An ufetubus (D:5)
  2 worms (D:3)
  A dart slug (D:3)
  4 orcs (D:3)
  A bat (D:3)
  5 endoplasms
  2 giant cockroaches (D:1)
  11 goblins
  10 hobgoblins
  2 jackals (D:3)
  7 kobolds
  2 quokkas (D:3)
  10 ball pythons
  8 frilled lizards
  6 rats
86 creatures vanquished.

Notes
Turn   | Place    | Note
-------+----------+-------------------------------------------
     0 | D:1      | Sin92 the Demonspawn Fighter began the quest for the Orb.
     0 | D:1      | Reached XP level 1. HP: 18/18 MP: 1/1
   409 | D:1      | Gained mutation: You have large cloven feet. [demonic
                  | ancestry]
   409 | D:1      | Reached XP level 2. HP: 24/24 MP: 2/2
   435 | D:1      | Found Ympy's Jewellery Shop.
   880 | D:1      | Found a faded altar of an unknown god.
  1264 | D:2      | Reached XP level 3. HP: 26/29 MP: 3/3
  1461 | D:2      | Reached skill level 1 in Dodging
  1497 | D:2      | Noticed Robin
  1508 | D:2      | Killed Robin
  1514 | D:2      | HP: 1/29 [goblin[Robin] (3)]
  1840 | D:2      | Found Qoonet's Magic Scroll Emporium.
  1881 | D:2      | Reached skill level 1 in Maces & Flails
  1881 | D:2      | Reached XP level 4. HP: 11/35 MP: 4/4
  3080 | D:3      | Found an ornate altar of the Wu Jian Council.
  3712 | D:4      | Reached XP level 5. HP: 24/41 MP: 5/5
  3858 | D:4      | Found Dufiump's Magic Scroll Shop.
  4189 | D:5      | Entered Level 5 of the Dungeon
  4244 | D:5      | Noticed Ijyb
  4259 | D:5      | Killed Ijyb
  4483 | D:5      | Gained mutation: Spells you cast may paralyse adjacent
                  | enemies. [demonic ancestry]
  4483 | D:5      | Reached XP level 6. HP: 22/48 MP: 6/6
  4669 | D:5      | Reached skill level 4 in Fighting
  4917 | D:5      | Noticed Duvessa
  4918 | D:5      | Noticed Dowan
  4938 | D:5      | Slain by Duvessa

Illustrated notes

Levels and vault maps discovered:
D:1:      minmay_arrival_five_plusses, layout_basic, serial_shops,
          nicolae_shop_behind_doors,
          dreamdust_ecumenical_altar_hidden_monk_grotto,
          kennysheep_pointless_box
D:2:      layout_loops_cross, serial_shops, shop_scrolls,
          kennysheep_small_spiral, uniq_robin
D:3:      layout_rooms, mainiacjoe_overflow_24_doors, st_stairs_14,
          kennysheep_generic_room_9
D:4:      layout_gridville, serial_shops, nicolae_square_shop,
          serial_bayou_ford_a
D:5:      layout_rooms, grunt_decor_clamped, uniq_ijyb, uniq_duvessa

Skill      XL: |  1  2  3  4  5  6 |
---------------+-------------------+-----
Axes           | 2 |  2.1
Armour         | 3 |  3.7
Shields        | 3 |  3.7
Dodging        | 1 2 |  2.2
Maces & Flails | 1 2 3 |  3.1
Fighting       | 4 |  4.0

Action                   |  1- 3 |  4- 6 || total
-------------------------+-------+-------++-------
Melee: War axe           |    74 |       ||    74
       Kick              |    11 |    44 ||    55
       Mace              |    39 |   135 ||   174
  Use: Scroll            |       |     4 ||     4
       Potion            |       |     1 ||     1
Armor: Scale mail        |    62 |    22 ||    84
       Chain mail        |       |    35 ||    35
Dodge: Dodged            |    31 |    31 ||    62
Block: Kite shield       |    73 |    71 ||   144

Table legend: (Time is in decaauts)
 A = Elapsed time spent in this place.
 B = Non-inter-level travel time spent in this place.
 C = Inter-level travel time spent in this place.
 D = Time resting spent in this place.
 E = Time spent auto-exploring this place.
 F = Levels seen in this place.
 G = Mean time per level.
                   A        B        C        D        E       F      G
               +--------+--------+--------+--------+--------+-----+--------+
         Total |   5082 |   5002 |     80 |    560 |   3749 |   5 | 1016.4 |
       Dungeon |   5082 |   5002 |     80 |    560 |   3749 |   5 | 1016.4 |
               +--------+--------+--------+--------+--------+-----+--------+

Top non-repeatable levels by time:
     D:2: 1421 daAuts
     D:1: 1221 daAuts
     D:3: 1008 daAuts
     D:5: 773 daAuts
     D:4: 657 daAuts
